Map: Central Protocol

Players

ANDREW

  • Race: Zerg Zerg
  • League: Diamond

Hindulaatti - Winner!

  • Race: Terran Terran
  • League: Diamond

VOD

Have the link to the VOD?

Description

Time

  • Played on: Feb. 7, 2016, 3:13 p.m.
  • Length: 10:09
Show
View Real Time Build Order
Export as new Build Order

ANDREW Zerg 

Build Orders: Hatch First 

Get SALT Encoding   

  12  0:01  Drone  
  13  0:13  Overlord  
  13  0:17  Drone  
  14  0:31  Drone x2  
  14  0:35  Drone  
  17  0:56  Drone, Hatchery  
  17  1:01  Drone, Extractor  
  17  1:17  Spawning Pool  
  16  1:18  Drone  
  16  1:22  Drone  
  18  1:30  Drone  
  19  1:46  Drone  
  20  1:49  Overlord  
  20  2:04  Queen  
  22  2:09  Queen  
  22  2:11  Zergling x4  
  22  2:15  Metabolic Boost  
  26  2:16  Drone  
  26  2:20  Drone  
  26  2:48  Queen  
  26  2:49  Drone  
  26  2:50  Drone x4  
  33  3:19  Drone  
  36  3:20  Drone x3, Roach Warren  
  36  3:25  Overlord x2  
  36  3:43  Overlord x2  
  36  3:45  Drone  
  36  3:46  Drone x3  
  40  4:08  Lair  
  40  4:10  Baneling Nest  
  40  4:11  Extractor  
  40  4:13  Zergling x2  
  40  4:14  Zergling x12  
  45  4:28  Drone x3  
  45  4:29  Drone x2  
  45  5:07  Zergling x2  
  45  5:08  Zergling x18, Hatchery  
  45  5:13  Centrifical Hooks  
  53  5:19  Evolution Chamber  
  53  5:20  Drone x2  
  53  5:22  Drone  
  53  5:24  Drone x2  
  56  5:29  Baneling x3  
  56  5:39  Evolution Chamber  
  56  5:41  Overseer  
  55  5:43  Zergling x12  
  55  5:45  Baneling x2  
  55  5:46  Baneling x5  
  61  5:51  Extractor  
  61  5:52  Drone  
  61  5:53  Extractor  
  60  5:57  Zerg Melee Weapons Level 1  
  60  5:59  Hatchery  
  58  6:37  Zergling x4  
  58  6:38  Zergling x22  
  56  6:48  Zergling x6  
  34  7:11  Queen  
  34  7:19  Baneling x3  
  34  7:20  Baneling x2  
  28  7:31  Queen  
  28  7:32  Queen  
  32  7:38  Drone  
  32  7:39  Drone x13, Spore Crawler  
  32  7:40  Spore Crawler  
  44  7:46  Drone  
  45  7:52  Drone  
  45  7:53  Drone x3  
  45  7:57  Queen  
  51  8:03  Baneling x5  
  51  8:07  Zergling x8  
  50  8:22  Zergling x2  
  50  8:23  Zergling x22  
  59  8:31  Zergling x4  
  57  8:37  Queen  
  58  8:48  Baneling  
  58  8:49  Baneling x15  
  58  8:52  Zergling x4  
  60  8:55  Drone  
  60  8:56  Drone  
  47  9:31  Zergling x2  
  47  9:32  Zergling x28  
  47  9:33  Zergling x2  
  60  9:45  Zergling x2  
  61  9:46  Zergling x8  
Show
View Real Time Build Order
Export as new Build Order

Hindulaatti Terran - Winner!

Build Orders: Reaper Expand, MMM Bio 

Get SALT Encoding   

  12  0:01  SCV  
  13  0:13  SCV  
  14  0:19  Supply Depot  
  14  0:25  SCV  
  15  0:41  SCV  
  16  0:44  Barracks  
  16  0:50  Refinery  
  16  0:53  SCV  
  17  1:05  SCV  
  19  1:18  SCV  
  19  1:31  Command Center  
  19  1:32  Reaper  
  20  1:42  Orbital Command  
  20  1:50  Supply Depot  
  20  2:05  Barracks Reactor  
  20  2:11  SCV  
  21  2:17  Refinery  
  21  2:25  SCV  
  22  2:30  Factory  
  22  2:38  SCV  
  23  2:49  Supply Depot  
  23  2:53  Marine x2  
  23  2:55  SCV  
  23  2:56  Orbital Command  
  26  3:08  Barracks  
  26  3:20  Factory Reactor  
  26  3:22  Barracks  
  26  3:24  SCV  
  26  3:25  Starport  
  27  3:29  Marine x2  
  27  3:30  Bunker  
  27  3:33  SCV  
  30  3:39  SCV  
  31  3:45  SCV  
  32  3:51  SCV  
  32  3:53  Marine x2  
  32  3:55  Supply Depot  
  35  3:57  Barracks Tech Lab  
  35  3:58  SCV  
  36  4:03  Supply Depot  
  36  4:12  Widow Mine x2, Barracks Reactor  
  36  4:13  Starport Reactor  
  40  4:18  SCV x2  
  40  4:20  Starport Reactor  
  40  4:21  Engineering Bay  
  40  4:23  Marine  
  43  4:27  Marauder  
  43  4:30  Stimpack  
  45  4:41  Widow Mine x2, Marine x2  
  50  4:48  Marauder, Terran Infantry Weapons Level 1  
  50  4:49  SCV x2  
  50  5:01  SCV x2  
  50  5:02  Supply Depot  
  50  5:05  Marine x2  
  50  5:06  Marine x2  
  56  5:08  Liberator  
  55  5:19  Supply Depot  
  55  5:23  SCV  
  55  5:24  SCV  
  55  5:25  Medivac, Refinery  
  55  5:26  Refinery, Widow Mine  
  55  5:27  Marine  
  55  5:28  Marine  
  66  5:36  SCV x2  
  66  5:37  Missile Turret  
  66  5:40  Widow Mine  
  70  5:43  Marauder  
  70  5:44  Marine x2  
  70  5:48  SCV x2  
  76  5:55  Medivac  
  78  6:00  SCV  
  79  6:15  Widow Mine x2, SCV x2  
  79  6:16  Marine  
  86  6:19  Supply Depot  
  86  6:24  Marine x2  
  85  6:33  Marauder  
  74  6:50  Marine x4  
  74  6:53  Medivac x2, Widow Mine x2  
  86  6:54  Marauder  
  88  7:08  Marine x4  
  73  7:30  Marauder, Widow Mine, Marine x4  
  73  7:31  Medivac x2, Widow Mine  
  73  7:36  Terran Infantry Armor Level 1  
  87  7:39  Armory  
  87  7:40  Combat Shields, Command Center  
  87  7:43  Barracks  
  87  7:47  Marine  
  88  7:54  Fusion Core  
  88  7:55  Starport  
  88  7:57  SCV  
  88  7:58  SCV  
  90  8:10  SCV x2  
  92  8:15  Marine x3  
  92  8:16  Marauder, Widow Mine x2, Marine  
  90  8:33  Marine x2  
  87  8:38  Marine x2  
  87  8:39  Marauder  
  87  8:40  Barracks Reactor  
  87  8:41  Medivac  
  93  8:51  Widow Mine x2, Marine x2  
  93  8:54  Supply Depot  
  99  8:56  Marine x2  
  99  9:00  Marauder  
  103  9:08  Marine  
  103  9:09  Marine  
  105  9:14  Marine x2  
  107  9:19  Marine x2  
  107  9:21  Marauder  
  111  9:26  Marine  
  111  9:27  Marine  
  96  9:32  Marine x2  
  96  9:37  Marine x2  
  100  9:43  Marauder  
  100  9:44  Marine x2  
  104  9:49  Marine  
  104  9:50  Marine  
Tags
 
Add a new tag
Caveats
  • Supply blocks, unpowered buildings, or Contaminate may cause inaccurate times.
  • Supply counts are checked every 10 seconds.